 Dungeon Crawl Stone Soup version 0.21.1-1-g345015f (webtiles) character file.

340 lysyklops the Chopper (level 6, -4/53 HPs)
             Began as a Draconian Berserker on July 11, 2018.
             Was a Priest of Trog.
             Slain by a phantom (5 damage)
             ... on level 4 of the Dungeon.
             The game lasted 00:08:51 (3208 turns).

lysyklops the Chopper (Draconian Berserker)         Turns: 3208, Time: 00:08:52

Health: -4/53      AC:  6    Str: 21    XL:     6   Next: 30%
Magic:  6/6        EV: 13    Int:  7    God:    Trog [***...]
Gold:   186        SH:  0    Dex: 11    Spells: 5/5 levels left

rFire    . . .     SeeInvis .   a - +0 hand axe
rCold    . . .     Gourm    .   (no shield)
rNeg     . . .     Faith    .   (armour unavailable)
rPois    .         Spirit   .   (helmet restricted)
rElec    .         Reflect  .   (no cloak)
rCorr    .         Harm     .   (no gloves)
MR       .....                  (no boots)
Stlth    ++........             (no amulet)
HPRegen  0.17/turn              (no ring)
MPRegen  0.10/turn              (no ring)

@: no status effects
A: unfitting armour, cold-blooded, AC +6
a: Berserk, Trog's Hand, Burn Spellbooks, Renounce Religion


You were on level 4 of the Dungeon.
You worshipped Trog.
Trog was most pleased with you.
You were near starving.

You visited 1 branch of the dungeon, and saw 4 of its levels.

You collected 186 gold pieces.

Inventory:

Hand Weapons
 a - a +0 hand axe (weapon)
 s - a +0 war axe
Missiles
 e - a throwing net (quivered)
Armour
 t - a +0 pair of gloves
 w - a +0 large shield
Jewellery
 p - a cursed amulet of inaccuracy {unknown}
 u - an uncursed ring of poison resistance {unknown}
Scrolls
 d - 3 scrolls of remove curse {unknown}
 h - 2 scrolls of immolation {unknown}
 i - a scroll of enchant armour {unknown}
 j - 2 scrolls of noise {unknown}
 l - a scroll of magic mapping {unknown}
 m - a scroll of teleportation {unknown}
 n - a scroll of amnesia {unknown}
 o - a scroll of random uselessness {unknown}
 r - 5 scrolls of identify {unknown}
Potions
 c - 2 potions of degeneration {unknown}
 f - 3 potions of curing {unknown}
 g - a potion of lignification {unknown}
 k - a potion of invisibility {unknown}
 q - a potion of might {unknown}
 v - a potion of heal wounds {unknown}
Comestibles
 b - 12 rations


   Skills:
 + Level 4.5 Fighting
 + Level 5.1 Axes
 + Level 4.2 Dodging
 + Level 1.4 Stealth


You had 5 spell levels left.
You didn't know any spells.

Dungeon Overview and Level Annotations

Branches:
Dungeon (4/15)
 Temple: D:4-7

Altars:
Trog
Zin


Innate Abilities, Weirdness & Mutations

Your plain brown scales are hard. (AC +6)
You cannot fit into any form of body armour.
You are cold-blooded and may be slowed by cold attacks.


Message History

The phantom blinks!
The phantom blinks!
You start resting.
A phantom is nearby!
The phantom blinks!
You start resting.
The phantom blinks!
The phantom blinks!
The phantom hits you.
* * * LOW HITPOINT WARNING * * *
The phantom blinks!
The phantom blinks!
You hit the phantom but do no damage.
The phantom is severely damaged.
The phantom hits you.
* * * LOW HITPOINT WARNING * * *
You hit the phantom.
Your tail-slap misses the phantom.
The phantom is severely damaged.
The phantom hits you.
You die...

...#..........## #.
...#...........##..
..................#
.................##
..................##
#............>..#
#..............<#
#.....W.........#
#.....@.....)..##
#..........)))..#
#...........))(.#
#............#..#
###..........##.#
####......## ..#
####..## ### ####


You could see a phantom.

Vanquished Creatures
  A hound (D:2)
  2 orc wizards (D:3)
  A gnoll shaman (D:4)
  Jessica (D:3)
  A hound skeleton (D:3)
  8 gnolls
  An adder (D:2)
  An ooze (D:2)
  3 worms
  A dart slug (D:1)
  2 leopard geckos (D:3)
  7 orcs (D:3)
  8 bats
  4 giant cockroaches
  11 hobgoblins
  A jackal (D:3)
  2 quokkas
  4 frilled lizards (D:3)
  7 goblins
  9 kobolds
  10 rats
85 creatures vanquished.

Notes
Turn   | Place    | Note
-------+----------+-------------------------------------------
     0 | D:1      | lysyklops the Draconian Berserker began the quest for the Orb.
     0 | D:1      | Reached XP level 1. HP: 19/19 MP: 1/1
   124 | D:1      | Reached XP level 2. HP: 17/26 MP: 2/2
   785 | D:2      | Reached XP level 3. HP: 15/33 MP: 3/3
  1273 | D:2      | Reached ** piety under Trog
  1273 | D:2      | Reached XP level 4. HP: 31/40 MP: 4/4
  1332 | D:2      | Found a glowing silver altar of Zin.
  1332 | D:2      | Noticed an angel
  1417 | D:2      | Noticed a moth of wrath
  1420 | D:2      | Found a bloodstained altar of Trog.
  2232 | D:3      | Reached skill level 4 in Axes
  2391 | D:3      | Reached XP level 5. HP: 46/46 MP: 5/5
  2738 | D:3      | Reached skill level 1 in Stealth
  2748 | D:3      | Noticed Jessica
  2755 | D:3      | Killed Jessica
  2845 | D:3      | Reached *** piety under Trog
  3128 | D:4      | Noticed a phantom
  3133 | D:4      | Reached XP level 6. HP: 53/53 MP: 6/6
  3140 | D:4      | Reached skill level 5 in Axes
  3207 | D:4      | HP: 1/53 [phantom (6)]
  3208 | D:4      | Slain by a phantom

Skill      XL: |  1  2  3  4  5  6 |
---------------+-------------------+-----
Fighting       | 4 |  4.5
Dodging        | 3 4 |  4.2
Axes           | 4 5 |  5.1
Stealth        | 1 |  1.4

Action                   |  1- 3 |  4- 6 || total
-------------------------+-------+-------++-------
Melee: Hand axe          |    74 |   186 ||   260
       Tailslap          |    12 |    24 ||    36
Invok: Berserk           |       |     3 ||     3
       Burn Spellbooks   |       |     1 ||     1
 Stab: Sleeping          |       |     2 ||     2
  Eat: Chunk             |     1 |     7 ||     8
Armor: Skin              |    32 |    39 ||    71
Dodge: Dodged            |    45 |   145 ||   190
